 Dungeon Crawl Stone Soup version 0.29.1-13-g9f3cf754e1 (webtiles) character file.

Game seed: 16248947077469833512

2552 Hrothgar the Ruffian (level 9, -4/127 HPs)
             Began as a Troll Fighter on Jan 29, 2023.
             Was a Follower of Ru.
             Slain by a wight
             ... wielding a +0 long sword
              (6 damage)
             ... on level 7 of the Dungeon on Jan 30, 2023.
             The game lasted 00:25:51 (5585 turns).

Hrothgar the Ruffian (Troll Fighter)                Turns: 5585, Time: 00:25:57

Health: -4/127     AC: 19    Str: 30    XL:     9   Next: 31%
Magic:  10/10      EV:  1    Int:  8    God:    Ru [*.....]
Gold:   234        SH:  0    Dex:  9    Spells: 10/11 levels left

rFire   + + .      SeeInvis .   n - +8 glaive of the Chewing Saviour {venom, rF++ rN++ Str-2}
rCold   . . .      Faith    +   (shield currently unavailable)
rNeg    + + .      Spirit   .   (body armour currently unavailable)
rPois   +          Reflect  .   (helmet currently unavailable)
rElec   .          Harm     .   (cloak currently unavailable)
rCorr   +          Rampage  .   (gloves unavailable)
Will    .....      NoTele   +   (boots unavailable)
Stlth   ++........              e - amulet of faith
HPRegen 1.11/turn               D - +6 ring of strength
MPRegen 0.12/turn               o - ring of resist corrosion

@: tree-form
A: stationary, stasis, torment immunity, boosted hp, large, unfitting armour,
(claws 3), regeneration 1, (shaggy fur 1), (tough skin 1), reduced AC 1
a: Renounce Religion


You were on level 7 of the Dungeon.
You worshipped Ru.
Ru was aware of your devotion.
You were a tree.
You visited 2 branches of the dungeon, and saw 8 of its levels.
You also visited: Ossuary.

You collected 450 gold pieces.
You spent 216 gold pieces at shops.

Inventory:

Hand Weapons
 n - the +8 glaive of the Chewing Saviour (weapon) {venom, rF++ rN++ Str-2}
   (You acquired it on level 3 of the Dungeon)

   It poisons the flesh of those it strikes.
   Str:       It affects your strength (-2).
   rF:        It greatly protects you from fire.
   rN:        It greatly protects you from negative energy.
Armour
 a - a +1 robe
 b - a +0 kite shield
 k - a +1 robe of positive energy
 q - the +0 animal skin "Imeulaish" (melded) {Fly rElec rC- Str+3}
   (You acquired it in an ossuary)

   Str:       It affects your strength (+3).
   rC:        It makes you vulnerable to cold.
   rElec:     It insulates you from electricity.
   Fly:       It grants you flight.
 y - an orb of wrath
Jewellery
 e - an amulet of faith (around neck)
 f - a ring of protection from cold
 g - an amulet of reflection
 o - a ring of resist corrosion (right branch)
 r - a ring of protection from cold
 v - a +4 ring of protection
 w - an amulet of guardian spirit
 D - a +6 ring of strength (left branch)
Wands
 s - a wand of flame (31)
 x - a wand of roots (3)
Scrolls
 h - a scroll of immolation
 i - 2 scrolls of magic mapping
 j - 5 scrolls of poison
 p - a scroll of enchant weapon
 u - 4 scrolls of teleportation
 A - a scroll of fear {unknown}
 B - 4 scrolls of vulnerability
 C - a scroll of fog
 E - a scroll of blinking {unknown}
Potions
 c - 3 potions of lignification
 d - 3 potions of brilliance
 l - 2 potions of flight
 m - a potion of cancellation
 t - 3 potions of might
 z - 2 potions of curing
 F - a potion of mutation {unknown}
 G - a potion of resistance {unknown}


   Skills:
 * Level 4.5 Fighting
 * Level 4.5 Polearms
 * Level 2.7 Armour
 * Level 4.4 Dodging
 * Level 2.0 Stealth
 + Level 2.9 Shields
 * Level 5.4 Unarmed Combat
 * Level 1.9 Spellcasting
 * Level 2.5 Necromancy
 * Level 1.9 Evocations


You had 10 spell levels left.
You knew the following spells:

 Your Spells              Type           Power      Damage    Failure   Level
a - Necrotise             Necr           16%        1d4       13%         1

Your spell library contained the following spells:

 Spells                   Type           Power      Damage    Failure   Level
 Sublimation of Blood     Necr           4%         N/A       19%         2
 Wereblood                Tmut           0%         N/A       50%         2
 Ignite Poison            Fire/Tmut/Pois 0%         N/A       73%         3
 Animate Dead             Necr           4%         N/A       77%         4
 Anguish                  Hex/Necr       1%         N/A       91%         4
 Petrify                  Tmut/Erth      0%         N/A       98%         4
 Alistair's Intoxication  Tmut/Pois      0%         N/A       100%        5


Dungeon Overview and Level Annotations

Branches:
Dungeon (7/15)             Temple (1/1) D:6         Ossuary (visited)

Altars:
Cheibriados
Dithmenos
Elyvilon
Fedhas
Gozag
Hepliaklqana
Kikubaaqudgha
Makhleb
Nemelex Xobeh
Okawaru
Qazlal
Ru
Sif Muna
Trog
Uskayaw
Vehumet
Wu Jian
Xom
Yredelemnul
Zin
The Shining One

Shops:
D:6 *   D:7 :


Innate Abilities, Weirdness & Mutations

You are a tree.
Your roots penetrate the ground, keeping you stationary.
You cannot be teleported.
You are immune to unholy pain and torment.
Your maximum health is greatly increased.
Your equipment is partially melded.
You are too large for most types of armour.
((You have claws for hands.))
Your natural rate of healing is unusually fast.
((You are covered in fur. (AC +1)))
((You have tough skin. (AC +1)))
You take slightly more damage. (AC -5)


Message History

The water moccasin bites you but does no damage.
You hear some strange, mumbled words.
A puff of flame appears from out of thin air!
The puff of flame hits you but does no damage.
The wight hits you but does no damage. The orc hits you but does no damage.
You closely miss the water moccasin.
The water moccasin is heavily wounded.
The water moccasin bites you but does no damage. x2
The orc priest hits you but does no damage.
The orc priest begins to cast a cantrip, but forgets the words!
The wight hits you with a +0 long sword.
* * * LOW HITPOINT WARNING * * *
You partially resist.
You feel drained. The orc hits you but does no damage.
The water moccasin bites you.
* * * LOW HITPOINT WARNING * * *
You slice the water moccasin!!
You kill the water moccasin!
The orc priest hits you but does no damage.
The orc priest invokes the aid of Beogh against you.
Beogh smites you!
* * * LOW HITPOINT WARNING * * *
You hear some strange, mumbled words.
You are confused.
The orc hits you but does no damage. The wight hits you but does no damage.
Something hits you but does no damage.
The orc priest hits you but does no damage.
The orc hits you but does no damage.
The wight hits you with a +0 long sword.
* * * LOW HITPOINT WARNING * * *
Your life force feels restored.
Your Stealth skill increases to level 2!
Unknown command.
You feel better. The orc priest barely misses you.
The orc priest mumbles some strange prayers to Beogh against you.
Beogh smites you!
* * * LOW HITPOINT WARNING * * *
The orc hits you with a +0 hand axe.
* * * LOW HITPOINT WARNING * * *
The wight hits you with a +0 long sword.
You die...

. #oo....# #......##### ......
...##.#....#.##.......#..##.....#
#..<.z......#.................#
#....z.....##........##.#...#
..........................<#
........####...............#
...#..... #...............##
.#.#.....###...oz.........# #.
...........o[♣.............
#..............o†........#...#
..#.............##...#
#.......#+#..## #..#
#.......'∩+..# ###
#........#+#..# #[...........##
##.#......... #####...##.##


You could see a wight, 2 orc priests and an orc.

Vanquished Creatures
  Pikel (D:5)
  A steam dragon (D:7)
  3 water moccasins
  Edmund (D:5)
  Duvessa (D:5)
  3 ogres
  2 phantoms
  Blork the orc (D:5)
  A necrophage (D:4)
  3 scorpions
  A water moccasin zombie (Ossuary)
  3 wights
  Dowan (D:5)
  2 howler monkeys (D:5)
  A hound (D:5)
  Ijyb (D:4)
  6 iguanas
  2 mummies (Ossuary)
  2 gnolls
  8 adders
  A shadow imp (D:6)
  3 adder zombies (Ossuary)
  3 dart slugs
  13 orcs
  3 bats
  4 endoplasms
  2 giant cockroaches
  A gnoll zombie (Ossuary)
  7 goblins
  9 hobgoblins
  2 jackals (D:2)
  7 quokkas
  5 ball pythons
  2 frilled lizards
  9 hobgoblin zombies (Ossuary)
  9 kobolds
  3 kobold zombies (Ossuary)
  5 orc zombies (Ossuary)
  2 rats
134 creatures vanquished.

Vanquished Creatures (others)
  12 plants (D:4)
12 creatures vanquished.

Grand Total: 146 creatures vanquished

Notes
Turn   | Place    | Note
-------+----------+-------------------------------------------
     0 | D:1      | Hrothgar the Troll Fighter began the quest for the Orb.
     0 | D:1      | Reached XP level 1. HP: 22/22 MP: 0/0
   179 | D:1      | Reached XP level 2. HP: 29/29 MP: 1/1
   205 | D:2      | Found a faded altar of an unknown god.
   214 | D:2      | Prayed at the altar of an unknown god.
   214 | D:2      | Became a worshipper of Kikubaaqudgha
   214 | D:2      | Reached * piety under Kikubaaqudgha
   214 | D:2      | Received a gift from Kikubaaqudgha
   217 | D:2      | Learned a level 1 spell: Necrotise
   355 | D:2      | You fall into a shaft and drop 2 floors!
   453 | D:4      | Reached XP level 3. HP: 27/36 MP: 2/2
   454 | D:4      | Noticed an ogre
   466 | D:4      | Killed an ogre
   467 | D:4      | Reached XP level 4. HP: 28/45 MP: 3/3
   469 | D:4      | Reached skill level 1 in Armour
   568 | D:4      | Noticed a scorpion
   578 | D:4      | Killed a scorpion
   579 | D:4      | Reached skill level 3 in Unarmed Combat
   579 | D:4      | Reached XP level 5. HP: 46/53 MP: 4/4
   631 | D:4      | Got the Cyclopedia of Variation and Envenoming
   794 | D:4      | Reached skill level 1 in Necromancy
   806 | D:4      | Found a bloodstained altar of Trog.
   915 | D:4      | Noticed Ijyb
   918 | D:4      | Noticed an ogre
   923 | D:4      | Killed Ijyb
   924 | D:4      | Reached XP level 6. HP: 57/61 MP: 5/5
  1054 | D:4      | Reached ** piety under Kikubaaqudgha
  1693 | D:3      | Identified a scroll of acquirement
  1694 | D:3      | Acquired the +8 glaive of the Chewing Saviour {venom, rF++
                  | rN++ Str-2}
  1719 | D:4      | Reached skill level 4 in Unarmed Combat
  1723 | D:5      | Entered Level 5 of the Dungeon
  1723 | D:5      | Noticed Duvessa
  1723 | D:5      | Noticed Dowan
  1735 | D:5      | Killed Duvessa
  1736 | D:5      | Reached skill level 1 in Stealth
  1736 | D:5      | Reached XP level 7. HP: 63/67 MP: 7/7
  1742 | D:5      | Killed Dowan
  1743 | D:5      | Reached skill level 1 in Spellcasting
  1833 | D:5      | Noticed Pikel
  1865 | D:5      | HP: 3/67 [lemure[Pikel] (1)]
  1866 | D:5      | Killed Pikel
  1867 | D:5      | Reached skill level 1 in Evocations
  1867 | D:5      | Reached XP level 8. HP: 6/78 MP: 8/8
  1882 | D:5      | Found a sand-covered staircase.
  1894 | Ossuary  | Entered an ossuary
  1965 | Ossuary  | Fell from the grace of Kikubaaqudgha
  2091 | Ossuary  | Acquired the +0 animal skin "Imeulaish" {Fly rElec rC-
                  | Str+3}
  2122 | D:5      | Noticed Edmund
  2125 | D:5      | Found a hide-covered altar of Uskayaw.
  2129 | D:5      | Reached skill level 5 in Unarmed Combat
  2140 | D:5      | Killed Edmund
  2246 | D:6      | Found a staircase to the Ecumenical Temple.
  2254 | Temple   | Entered the Ecumenical Temple
  2297 | Temple   | Became a worshipper of Ru the Awakened
  2342 | D:6      | Found a radiant altar of Vehumet.
  2593 | D:6      | Found Syqetu's Gadget Gallery.
  2664 | D:6      | Bought a wand of roots (1) for 36 gold pieces
  2664 | D:6      | Bought a wand of roots (5) for 180 gold pieces
  2879 | D:6      | Reached XP level 9. HP: 62/84 MP: 10/10
  2987 | D:5      | Noticed Blork the orc
  3000 | D:5      | Killed Blork the orc
  4557 | D:2      | Gained mutation: You take slightly more damage. (AC -5) [Ru
                  | sacrifice]
  4557 | D:2      | Reached * piety under Ru
  5560 | D:7      | Found Vagoq's Book Emporium.
  5584 | D:7      | HP: 6/124 [orc priest/divine providence (11)]
  5585 | D:7      | HP: 2/127 [orc/+0 hand axe (3)]
  5585 | D:7      | Slain by a wight

Illustrated notes

Levels and vault maps discovered:
D:1:      minmay_arrival_three_doors, layout_basic
D:2:      layout_basic, nicolae_ecumenical_pavilion
D:3:      layout_basic, corner_web_ring, kennysheep_generic_room_3
D:4:      minmay_razor_zed, layout_rooms, mainiacjoe_overflow_cross_hatched,
          serial_bayou, serial_bayou_pond_e, serial_bayou_pond_a,
          serial_bayou_lagoon_a, serial_bayou_pond_d, minmay_misc_feat_rows,
          uniq_ijyb
D:5:      layout_basic, overflow_temple_1_default,
          lightli_ossuary_entry_decrepit_ruins, st_stairs_13,
          uniq_blork_the_orc, uniq_edmund, uniq_pikel, uniq_duvessa
D:6:      layout_rooms, fiery_altar_vehumet, minmay_temple_entry_grid,
          nicolae_shop_gadgets
D:7:      layout_cave_pools, serial_shops, kennysheep_mini_moat
Temple:   minmay_temple_bridge_d

Skill      XL: |  1  2  3  4  5  6  7  8  9 |
---------------+----------------------------+-----
Fighting       | 3 4 |  4.5
Dodging        | 3 4 |  4.4
Armour         | 1 2 |  2.7
Unarmed Combat | 3 4 5 |  5.4
Necromancy     | 1 2 |  2.5
Stealth        | 1 2 |  2.0
Spellcasting   | 1 |  1.9
Polearms       | 2 3 4 |  4.5
Evocations     | 1 |  1.9
Shields        | |  2.9

Action                   |  1- 3 |  4- 6 |  7- 9 || total
-------------------------+-------+-------+-------++-------
Melee: Unarmed           |    50 |   108 |       ||   158
       Punch             |     2 |     2 |       ||     4
       Glaive            |       |     7 |   185 ||   192
 Cast: Necrotise         |     1 |       |       ||     1
Invok: Renounce Religion |       |       |     1 ||     1
       Sacrifice Health  |       |       |     1 ||     1
Evoke: Wand              |       |     4 |     3 ||     7
  Use: Scroll            |     2 |     8 |     9 ||    19
       Potion            |     1 |       |    10 ||    11
 Stab: Paralysed         |       |     2 |       ||     2
       Sleeping          |       |       |     4 ||     4
Armor: Robe              |    15 |    29 |    46 ||    90
       Animal skin       |       |       |    25 ||    25
       Skin              |       |       |    30 ||    30
Dodge: Dodged            |    32 |    58 |   116 ||   206
